 Dungeon Crawl Stone Soup version 0.30-a0-305-g026cb31310 (webtiles) character file.

Game seed: 16400362318679522819

10166 Sweetruy1997 the Basher (level 11, 0/135 HPs)
             Began as an Armataur Berserker on Oct 22, 2022.
             Was a High Priest of Trog.
             Slain by an orc warrior
             ... wielding a +0 war axe
              (13 damage)
             ... in a bailey.
             The game lasted 00:30:29 (9000 turns).

Sweetruy1997 the Basher (Armataur Berserker)        Turns: 9000, Time: 00:30:30

Health: 0/135      AC: 10    Str: 23    XL:     11   Next: 32%
Magic:  3/3        EV: 11    Int:  9    God:    Trog [*****.]
Gold:   335        SH:  0    Dex: 22    Spells: 10/10 levels left

rFire   . . .      SeeInvis +    f - +5 battleaxe of Internal Strife {antimagic, rPois rC+ SInv Stlth+}
rCold   + . .      Faith    .    (shield currently unavailable)
rNeg    + . .      Spirit   .    u - +2 leather armour {rN+}
rPois   +          Reflect  .    e - +0 helmet
rElec   .          Harm     .    h - +0 cloak
rCorr   .          Roll     +    a - +0 pair of gloves
Will    ++...                    (no barding)
Stlth   ..........               (no amulet)
HPRegen 1.42/turn                s - +6 ring of dexterity
MPRegen 0.08/turn                r - ring "Iliv" {Dex+4 Slay+3 SInv}

@: berserking, strong-willed, regenerating, very quick
A: large, rugged brown scales 3, deformed body, armoured tail, roll, long
tongue, awkward tongue
a: Renounce Religion, Berserk, Trog's Hand, Brothers in Arms


You were in a bailey.
You worshipped Trog.
Trog was extremely pleased with you.
You visited 2 branches of the dungeon, and saw 10 of its levels.
You also visited: Sewer and Bailey.

You collected 566 gold pieces.
You spent 231 gold pieces at shops.

Inventory:

Hand Weapons
 b - the +3 dagger "Juaq" {flame, rC+ Int+3}
   (You bought it in a shop on level 8 of the Dungeon)

   It burns those it strikes, dealing additional fire damage.
   Int:       It affects your intelligence (+3).
   rC:        It protects you from cold.
 f - the +5 battleaxe of Internal Strife (weapon) {antimagic, rPois rC+ SInv Stlth+}
   (Trog gifted it to you on level 9 of the Dungeon)

   It reduces the magical energy of the wielder, and disrupts the spells and
   magical abilities of those it strikes.
   Natural abilities and divine invocations are not affected.
   rC:        It protects you from cold.
   rPois:     It protects you from poison.
   SInv:      It lets you see invisible.
   Stlth:     It makes you more stealthy.
 x - a +4 vampiric whip
Missiles
 B - a javelin (quivered)
Armour
 a - a +0 pair of gloves (worn)
 e - a +0 helmet (worn)
 h - a +0 cloak (worn)
 u - a +2 leather armour of positive energy (worn)
Jewellery
 r - the ring "Iliv" (right hand) {Dex+4 Slay+3 SInv}
   (You found it on level 2 of the Dungeon)

   [ring of see invisible]

   Dex:       It affects your dexterity (+4).
   Slay:      It affects your accuracy & damage with ranged weapons and melee
   (+3).
   SInv:      It lets you see invisible.
 s - a +6 ring of dexterity (left hand)
 y - a ring of ice
Wands
 n - a wand of flame (9)
 t - a wand of mindburst (4)
 v - a wand of acid (2)
 w - a wand of iceblast (19)
 z - a wand of charming (7)
Scrolls
 k - 3 scrolls of teleportation
 o - 2 scrolls of fear
 A - 2 scrolls of blinking
 G - a scroll of enchant armour {unknown}
Potions
 c - 2 potions of flight
 d - 4 potions of curing
 i - 2 potions of lignification
 j - 5 potions of heal wounds
 l - 2 potions of haste
 m - a potion of mutation {unknown}
 p - 3 potions of resistance
 q - 5 potions of cancellation
 C - a potion of ambrosia {unknown}
 E - a potion of degeneration {unknown}
 F - 5 potions of might {unknown}


   Skills:
 + Level 4.3 Fighting
 - Level 0.6 Short Blades
 + Level 2.7(8.7) Axes
 - Level 14.0(14.1) Maces & Flails
 + Level 5.3 Throwing
 + Level 4.3 Armour
 + Level 2.9 Dodging
 - Level 2.0 Stealth
 + Level 1.7 Evocations


You had 10 spell levels left.
You didn't know any spells.
Your spell library contained the following spells:

 Spells                   Type           Power      Damage    Failure   Level
 Malign Gateway           Summ/Tloc      0%         N/A       100%        7
 Summon Horrible Things   Summ           0%         N/A       100%        8


Dungeon Overview and Level Annotations

Branches:
Dungeon (9/15)             Temple (1/1) D:5            Lair (0/5) D:9
  Sewer (visited)          Bailey (1/1)
    Orc: D:9-12

Altars:
Cheibriados
Dithmenos
Elyvilon
Fedhas
Gozag
Hepliaklqana
Kikubaaqudgha
Makhleb
Nemelex Xobeh
Okawaru
Qazlal
Ru
Sif Muna
Trog
Uskayaw
Vehumet
Wu Jian
Xom
Yredelemnul
Zin
The Shining One

Shops:
D:3 :   D:4 :   D:8 (

Annotations:
D:9 Psyche


Innate Abilities, Weirdness & Mutations

You are completely covered in rugged brown scales. (AC +3, +7% HP)
Armour fits poorly on your strangely shaped body.
You have a long armoured tail.
You roll when moving toward enemies. (Rampage)
Your long tongue fully drains potion bottles. (2x potion effects)
Your tongue gives you trouble enunciating. (1.5x scroll delay)


Message History

The orc warlord hits you with a +5 battleaxe!!
* * * LOW HITPOINT WARNING * * *
The orc warrior hits you with a +0 war axe.
* * * LOW HITPOINT WARNING * * *
You slash the orc warlord!
The orc warlord is severely wounded.
You slash the orc warrior! x2
You slice the orc warlord!!
The orc warlord is almost dead.
You slash the orc warrior!
You kill the orc warrior!
Trog accepts your kill.
You slash the orc warrior!
You kill the orc warrior!
Trog accepts your kill.
An orc warrior comes into view. It is wielding a +0 war axe.
The orc warlord hits you with a +5 battleaxe!
* * * LOW HITPOINT WARNING * * *
You slice the orc warlord!!
You kill the orc warlord!
Trog accepts your kill.
You slash the orc warrior!
The orc warrior hits you with a +0 war axe.
* * * LOW HITPOINT WARNING * * *
Your base Axes skill increases to level 2!
You slice the orc warrior!!
You kill the orc warrior!
Trog accepts your kill.
A hobgoblin comes into view. It is wielding a +0 hand axe.
You barely miss the goblin. The goblin barely misses you.
You completely miss the goblin. You miss the goblin.
The goblin hits you but does no damage.
You closely miss the goblin. The goblin hits you with a +4 hand axe.
* * * LOW HITPOINT WARNING * * *
You slice the goblin!!
You kill the goblin!
Trog accepts your kill.
You closely miss the orc warrior.
The orc warrior hits you with a +0 war axe!
You die...

.).###.........##
....#...........#
....)...........#
....#.)...⌠.....#
....#...........#
....#...........#
...###.......))###
.###
###.....#(#.### ##
###.###))@..#
###...)o....#
#8..g......!#
#8.........!#
.'.....⌠....∩#
..#8.........!#
..##8.........!#
.. ##........!##


You could see an orc warrior and a hobgoblin.

Vanquished Creatures
  An orc warlord (Bailey)
  A two-headed ogre (D:7)
  The ghost of Paroid the Basher, a novice MeFi of Hepliaklqana (D:7)
  Pikel (D:6)
  The ghost of hikkokomori the Chopper, a novice MiBe of Trog (D:3)
  A hornet (D:8)
  A shadow (D:7)
  2 wyverns
  8 yaks
  A vampire mosquito (D:7)
  2 steam dragons
  Menkaure (D:4)
  An acid dragon (D:8)
  4 water moccasins
  2 ice beasts
  9 orc warriors
  A black bear (D:6)
  An ogre (D:5)
  4 centaurs (D:7)
  A phantom (D:5)
  4 kobold brigands
  4 bullfrogs
  A necrophage (D:7)
  2 gnoll sergeants
  2 scorpions
  7 wights
  5 killer bees (D:8)
  A howler monkey (D:7)
  A crimson imp (D:5)
  7 hounds
  2 orc priests
  4 jellies
  5 iguanas
  Ijyb (D:3)
  Natasha (thrice) (D:2)
  Terence (D:2)
  12 orc wizards
  A hell rat (Sewer)
  Robin (D:2)
  17 gnolls
  9 adders
  2 river rats
  A shadow imp (D:5)
  2 white imps
  An ufetubus (D:5)
  2 worms
  3 dart slugs
  31 orcs
  10 ball pythons
  4 endoplasms
  4 giant cockroaches
  20 goblins
  11 hobgoblins
  8 jackals
  27 kobolds
  3 quokkas
  7 bats
  4 frilled lizards
  16 rats
290 creatures vanquished.

Vanquished Creatures (collateral kills)
  An orc warrior (Bailey)
  2 gnolls (Bailey)
  2 hobgoblins (Bailey)
5 creatures vanquished.

Vanquished Creatures (others)
  5 fungi
  14 plants
  2 withered plants (D:7)
21 creatures vanquished.

Grand Total: 316 creatures vanquished

Notes
Turn   | Place    | Note
-------+----------+-------------------------------------------
     0 | D:1      | Sweetruy1997 the Armataur Berserker began the quest for the
                  | Orb.
     0 | D:1      | Reached XP level 1. HP: 19/19 MP: 1/1
   123 | D:1      | Reached skill level 3 in Maces & Flails
   123 | D:1      | Reached XP level 2. HP: 22/27 MP: 2/2
   415 | D:1      | Found a faded altar of an unknown god.
   507 | D:1      | Reached XP level 3. HP: 29/33 MP: 3/3
   829 | D:1      | Reached ** piety under Trog
  1003 | D:2      | Noticed Natasha
  1016 | D:2      | Killed Natasha
  1017 | D:2      | Reached XP level 4. HP: 30/40 MP: 4/4
  1169 | D:2      | Noticed Terence
  1190 | D:2      | Killed Terence
  1191 | D:2      | Reached skill level 4 in Maces & Flails
  1422 | D:2      | Noticed Natasha
  1438 | D:2      | Killed Natasha
  1439 | D:2      | Reached XP level 5. HP: 36/48 MP: 5/5
  1521 | D:2      | Identified the ring "Iliv" {Dex+4 Slay+3 SInv}
  1607 | D:2      | Noticed Robin
  1628 | D:2      | Killed Robin
  1637 | D:2      | Noticed Natasha
  1649 | D:2      | Killed Natasha
  1650 | D:2      | Reached skill level 5 in Maces & Flails
  1650 | D:2      | Reached skill level 1 in Stealth
  2033 | D:3      | Noticed Ijyb
  2045 | D:3      | Killed Ijyb
  2167 | D:3      | Found Seveuf Tae's Book Emporium.
  2260 | D:3      | Reached *** piety under Trog
  2430 | D:3      | Found a runed translucent gate.
  2431 | D:3      | Found a runed translucent gate.
  2432 | D:3      | Found a runed translucent gate.
  2432 | D:3      | Noticed hikkokomori's ghost (novice MiBe)
  2517 | D:3      | Reached XP level 6. HP: 41/54 MP: 6/6
  2527 | D:3      | Killed hikkokomori's ghost
  2528 | D:3      | Reached skill level 7 in Maces & Flails
  2528 | D:3      | Reached XP level 7. HP: 56/60 MP: 7/7
  2646 | D:4      | Found Beothops's Book Emporium.
  2897 | D:4      | Found a basalt altar of Yredelemnul.
  2972 | D:4      | Found a blossoming altar of Fedhas.
  3018 | D:4      | Reached skill level 8 in Maces & Flails
  3077 | D:4      | Found a hide-covered altar of Uskayaw.
  3100 | D:4      | Noticed Menkaure
  3102 | D:4      | Killed Menkaure
  3103 | D:4      | Reached skill level 1 in Evocations
  3103 | D:4      | Reached XP level 8. HP: 67/67 MP: 8/8
  3134 | D:4      | Found a stormy altar of Qazlal.
  3339 | D:5      | Entered Level 5 of the Dungeon
  3373 | D:5      | Found a sacrificial altar of Ru.
  3448 | D:5      | Reached skill level 9 in Maces & Flails
  3485 | D:5      | Found a glowing drain.
  3511 | Sewer    | Entered a sewer
  3516 | Sewer    | Reached **** piety under Trog
  3599 | D:5      | Found a staircase to the Ecumenical Temple.
  3618 | Temple   | Entered the Ecumenical Temple
  4160 | D:5      | Found a hazy altar of Hepliaklqana.
  4420 | D:5      | Found an ornate altar of the Wu Jian Council.
  4429 | D:5      | Reached skill level 10 in Maces & Flails
  4505 | D:6      | Noticed Pikel
  4511 | D:6      | Killed Pikel
  4512 | D:6      | Reached XP level 9. HP: 67/73 MP: 9/9
  4529 | D:6      | Reached skill level 11 in Maces & Flails
  4828 | D:6      | Found a bloodstained altar of Trog.
  5046 | D:6      | Found a shadowy altar of Dithmenos.
  5046 | D:6      | Found a glowing golden altar of the Shining One.
  5313 | D:7      | Reached skill level 12 in Maces & Flails
  5328 | D:7      | Reached skill level 1 in Throwing
  5377 | D:7      | Reached XP level 10. HP: 74/82 MP: 10/10
  5382 | D:7      | Reached skill level 13 in Maces & Flails
  5400 | D:7      | Noticed a two-headed ogre
  5406 | D:7      | Killed a two-headed ogre
  5406 | D:7      | Reached ***** piety under Trog
  6087 | D:7      | Found a runed translucent door.
  6088 | D:7      | Noticed Paroid's ghost (novice MeFi)
  6524 | D:7      | Killed Paroid's ghost
  6525 | D:7      | Reached skill level 14 in Maces & Flails
  6949 | D:8      | Found a sparkling altar of Nemelex Xobeh.
  7246 | D:8      | Found Kofoavakh's Antique Weapon Emporium.
  7249 | D:8      | Bought a fading dagger for 231 gold pieces
  7249 | D:8      | Identified the +3 dagger "Juaq" {flame, rC+ Int+3} (You
                  | bought it in a shop on level 8 of the Dungeon)
  7301 | D:8      | Found an ancient bone altar of Kikubaaqudgha.
  7896 | D:8      | Reached skill level 5 in Throwing
  7908 | D:8      | Reached XP level 11. HP: 62/83 MP: 11/11
  8577 | D:9      | Identified the +5 battleaxe of Internal Strife {antimagic,
                  | rPois rC+ SInv Stlth+} (Trog gifted it to you on level 9 of
                  | the Dungeon)
  8577 | D:9      | Received a gift from Trog
  8602 | D:9      | Noticed Psyche
  8614 | D:9      | Found a staircase to the Lair.
  8703 | D:9      | Found a flagged portal.
  8712 | Bailey   | Entered a bailey
  8949 | Bailey   | Reached skill level 1 in Axes
  8957 | Bailey   | Noticed an orc warlord
  8992 | Bailey   | HP: 5/133 [orc warlord/+5 battleaxe (15)]
  8993 | Bailey   | Killed an orc warlord
  9000 | Bailey   | Slain by an orc warrior

Illustrated notes

Levels and vault maps discovered:
D:1:      heliophobic_arrival_enchanted_forest, layout_loops_corners,
          dreamdust_ecumenical_altar_angels_and_demons,
          hangedman_abyss_or_decor_lesser_grid, minmay_pentomino_z4
D:2:      layout_basic, uniq_natasha, uniq_robin, uniq_terence
D:3:      layout_rooms, serial_shops, shop, gammafunk_ghost_nasty_kobolds,
          uniq_ijyb
D:4:      layout_cave_pools, grunt_temple_overflow_forces_of_nature,
          nicolae_uskayaw_murder_on_the_dancefloor, lemuel_crystal_altar,
          serial_shops, shop, uniq_menkaure
D:5:      layout_loops_ring, nicolae_wu_jian_immortal_techniques,
          nicolae_ru_path_of_blood, mainiacjoe_overflow_cross_hatched,
          minmay_temple_entry_drinking_statues, portal_sewer_entry_b,
          minmay_fire_ice_demons
D:6:      layout_gridville, trog_three_pillars_becter,
          gammafunk_temple_overflow_pools, chequers_serial_rivers_small_b,
          uniq_pikel
D:7:      layout_basic, serial_rivers, chequers_serial_rivers_micro_b,
          chequers_serial_rivers_small_3, chequers_serial_rivers_micro_e,
          chequers_serial_rivers_micro_a, chequers_serial_rivers_large_a,
          gammafunk_ghost_grave, minmay_the_grid_2x2
          [minmay_the_grid_minigrid_small, minmay_the_grid_stretched_grid,
          minmay_the_grid_square_x, minmay_the_grid_prize_big_room]
D:8:      layout_layer_cave, mainiacjoe_overflow_catch_the_wave, serial_shops,
          nicolae_shop_behind_doors
D:9:      layout_big_octagon, minmay_lair_entry_grove, enter_bailey_8,
          kennysheep_just_a_vault, uniq_psyche, uniq_erolcha
Temple:   jpeg_temple_island
Bailey:   bailey_axe_minmay_hex_keep, bailey

Skill      XL: |  1  2  3  4  5  6  7  8  9 10 11 |
---------------+----------------------------------+-----
Fighting       | 3 4 |  4.3
Maces & Flails | 3 4 5 7 8 10 12 14 | 14.0
Dodging        | 2 |  2.9
Armour         | 3 4 |  4.3
Stealth        | 1 2 |  2.0
Evocations     | 1 |  1.7
Throwing       | 1 5 |  5.3
Axes           | 2 |  2.7
Short Blades   | |  0.6

Action                   |  1- 3 |  4- 6 |  7- 9 | 10-12 || total
-------------------------+-------+-------+-------+-------++-------
Melee: Mace              |    91 |   145 |    21 |       ||   257
       Tailslap          |     5 |    22 |    47 |    41 ||   115
       Whip              |       |       |   260 |   133 ||   393
       Punch             |       |       |     2 |       ||     2
       Dagger            |       |       |       |    67 ||    67
       Battleaxe         |       |       |       |    53 ||    53
       Unarmed           |       |       |       |     2 ||     2
Throw: Boomerang         |       |       |    14 |    24 ||    38
       Javelin           |       |       |       |    21 ||    21
       Throwing net      |       |       |       |     8 ||     8
Invok: Berserk           |     1 |     2 |     1 |     6 ||    10
       Trog's Hand       |       |       |     1 |     2 ||     3
Evoke: Wand              |       |     3 |    11 |    11 ||    25
  Use: Potion            |     1 |       |     1 |     4 ||     6
       Scroll            |       |       |     9 |     9 ||    18
 Stab: Sleeping          |     1 |     6 |     6 |       ||    13
       Held in net/web   |       |       |       |     2 ||     2
Armor: Animal skin       |    14 |       |       |       ||    14
       Leather armour    |    34 |    62 |   106 |    77 ||   279
Dodge: Dodged            |    47 |    81 |   101 |   145 ||   374

Table legend: (Time is in decaauts)
 A = Elapsed time spent in this place.
 B = Non-inter-level travel time spent in this place.
 C = Inter-level travel time spent in this place.
 D = Time resting spent in this place.
 E = Time spent auto-exploring this place.
 F = Levels seen in this place.
 G = Mean time per level.
                   A        B        C        D        E       F      G
               +--------+--------+--------+--------+--------+-----+--------+
         Total |   9075 |   8811 |    264 |    151 |   6735 |  12 |  756.2 |
       Dungeon |   8447 |   8211 |    236 |    151 |   6304 |   9 |  938.6 |
        Temple |    248 |    220 |     28 |      0 |    213 |   1 |  248.0 |
         Sewer |     83 |     83 |      0 |      0 |     45 |   1 |   83.0 |
        Bailey |    296 |    296 |      0 |      0 |    172 |   1 |  296.0 |
               +--------+--------+--------+--------+--------+-----+--------+

Top non-repeatable levels by time:
     D:8: 1788 daAuts
     D:7: 1306 daAuts
     D:2: 1103 daAuts
     D:1: 931 daAuts
     D:5: 863 daAuts
     D:6: 731 daAuts
     D:3: 722 daAuts
     D:4: 683 daAuts
     D:9: 317 daAuts
  Bailey: 296 daAuts
  Temple: 248 daAuts
   Sewer: 83 daAuts
